 Dungeon Crawl Stone Soup version 0.31-a0-1074-g0b22e4e0f1 (webtiles) character file.

Game seed: 3672607982067403629

186 Fodor the Covered (level 5, -1/47 HPs)
             Began as a Minotaur Fighter on Nov 28, 2023.
             Succumbed to an orc priest's poison
             ... on level 3 of the Dungeon.
             The game lasted 00:10:41 (1817 turns).

Fodor the Covered (Minotaur Fighter)                Turns: 1817, Time: 00:10:42

Health: -1/47      AC:  9    Str: 22    XL:     5   Next: 38%
Magic:  4/4        EV:  9    Int: 11    God:
Gold:   140        SH:  4    Dex: 10    Spells: 4/4 levels left

rFire   . . .        a - +0 war axe
rCold   . . .        c - +0 buckler
rNeg    . . .        b - +0 scale mail
rPois   .            (helmet restricted)
rElec   .            (no cloak)
rCorr   .            m - +0 pair of gloves
SInv    .            f - +0 pair of boots
Will    .....        (no amulet) Stlth
                     n - +6 ring of intelligence
HPRegen 0.27/turn    (no ring)
MPRegen 0.09/turn

%: no passive effects
@: brilliant, lethally poisoned (-1 -> -13)
A: horns 2, retaliatory headbutt
a: no special abilities


You were on level 3 of the Dungeon.
You visited 1 branch of the dungeon, and saw 3 of its levels.

You collected 140 gold pieces.

Inventory:

Hand Weapons
 a - a +0 war axe (weapon)
Armour
 b - a +0 scale mail (worn)
 c - a +0 buckler (worn)
 f - a +0 pair of boots (worn)
 m - a +0 pair of gloves (worn)
Jewellery
 n - a +6 ring of intelligence (left hand)
Scrolls
 g - a scroll of silence {unknown}
 j - 2 scrolls of teleportation {unknown}
 l - a scroll of immolation {unknown}
Potions
 d - 3 potions of might
 i - a potion of heal wounds {unknown}
 k - a potion of attraction {unknown}
 o - a potion of invisibility {unknown}


   Skills:
 + Level 4.5 Fighting
 + Level 4.2 Axes
 + Level 0.8 Throwing
 + Level 4.8 Armour
 + Level 0.7 Dodging
 + Level 0.2 Stealth
 + Level 4.4 Shields


You had 4 spell levels left.
You didn't know any spells.
Your spell library contained the following spells:

 Spells                   Type           Power      Damage    Failure   Level
 Shock                    Conj/Air       0%         1d3       71%         1
 Cigotuvi's Dreadful Rot  Necr/Pois/Air  0%         N/A       85%         2
 Swiftness                Air            0%         N/A       97%         3
 Airstrike                Air            0%         2d(0-16)  100%        4
 Dispel Undead            Necr           0%         3d6       100%        4
 Death Channel            Necr           0%         N/A       100%        6


Dungeon Overview and Level Annotations

Branches:
Dungeon (3/15)

Altars:
Cheibriados


Innate Abilities, Weirdness & Mutations

You have a pair of horns on your head.
You reflexively headbutt those who attack you in melee.


Message History

The orc priest hits you but does no damage.
You closely miss the orc priest.
The orc priest is moderately wounded.
The orc priest calls upon Beogh to heal the orc priest.
The orc priest's wounds heal themselves!
The orc priest hits you but does no damage.
You slash the orc priest!
You kill the orc priest!
The orc priest barely misses you.
Your Axes skill increases to level 4!
You have reached level 5!
You closely miss the orc priest.
The orc priest hits you but does no damage.
You are poisoned.
You closely miss the orc priest.
You feel very sick.
The orc priest hits you with a +2 dagger of venom.
You are more poisoned.
You hit the orc priest.
The orc priest is heavily wounded.
You feel very sick.
The orc priest hits you but does no damage.
You are lethally poisoned!
The orc priest hits you but does no damage.
You are more poisoned.
You slash the orc priest!
You kill the orc priest!
* * * LOW HITPOINT WARNING * * *
You feel extremely sick. The bat barely misses you.
* * * LOW HITPOINT WARNING * * *
You feel very sick. You block the bat's attack.
Items here: $ ))) [[ †.
* * * LOW HITPOINT WARNING * * *
You feel very sick. You block the bat's attack.
It was a potion of brilliance.
You feel clever all of a sudden.
You die...

(. ...$ ...
... .... ...
##### ....#
..# .....
...##.#.....#
...(#.....#
#)b......#
#@# #)# #)#
#)# #.# #.#
#.# #.# #.#


You could see a bat.

Vanquished Creatures
  2 orc priests (D:3)
  4 gnolls (D:2)
  3 adders (D:2)
  2 worms (D:2)
  2 dart slugs
  3 orcs (D:3)
  8 bats
  4 endoplasms
  A giant cockroach (D:2)
  3 goblins
  6 hobgoblins
  2 jackals (D:1)
  2 quokkas (D:1)
  2 ball pythons
  3 kobolds
  6 rats
53 creatures vanquished.

Notes
Turn   | Place    | Note
-------+----------+-------------------------------------------
     0 | D:1      | Fodor the Minotaur Fighter began the quest for the Orb.
     0 | D:1      | Reached XP level 1. HP: 19/19 MP: 0/0
   148 | D:1      | Reached XP level 2. HP: 27/27 MP: 1/1
   387 | D:1      | You fall into a shaft and drop 1 floor!
  1037 | D:2      | Reached XP level 3. HP: 33/33 MP: 2/2
  1106 | D:2      | Reached XP level 4. HP: 3/40 MP: 3/3
  1497 | D:2      | Found a snail-covered altar of Cheibriados.
  1811 | D:3      | Reached XP level 5. HP: 28/47 MP: 4/4
  1816 | D:3      | HP: 2/47 [poisoned by an orc priest]
  1817 | D:3      | Succumbed to an orc priest's poison

Illustrated notes

Levels and vault maps discovered:
D:1:      ncdulo_smallfort, layout_loops_corners
D:2:      layout_loops_ring, basic_altar
D:3:      layout_basic, nicolae_sif_muna_condensation, basic_ecumenical_altar,
          minmay_misc_feat_square, uniq_natasha

Skill      XL: |  1  2  3  4 |
---------------+-------------+-----
Shields        | 4 |  4.4
Armour         | 4 |  4.8
Fighting       | 4 |  4.5
Axes           | 3 4 |  4.2
Throwing       | |  0.8
Dodging        | |  0.7
Stealth        | |  0.2

Action                     |  1- 3 |  4- 6 || total
---------------------------+-------+-------++-------
  Melee: War axe           |    47 |    48 ||    95
         Headbutt          |     5 |     3 ||     8
  Throw: Dart              |    19 |     6 ||    25
    Use: Potion            |       |     1 ||     1
 Armour: Scale mail        |    42 |    33 ||    75
  Dodge: Dodged            |    24 |    16 ||    40
  Block: Buckler           |    20 |    11 ||    31

Table legend: (Time is in decaauts)
 A = Elapsed time spent in this place.
 B = Non-inter-level travel time spent in this place.
 C = Inter-level travel time spent in this place.
 D = Time resting spent in this place.
 E = Time spent auto-exploring this place.
 F = Levels seen in this place.
 G = Mean time per level.
                   A        B        C        D        E       F      G
               +--------+--------+--------+--------+--------+-----+--------+
         Total |   1853 |   1832 |     21 |    157 |      0 |   3 |  617.7 |
       Dungeon |   1853 |   1832 |     21 |    157 |      0 |   3 |  617.7 |
               +--------+--------+--------+--------+--------+-----+--------+

Top non-repeatable levels by time:
     D:1: 963 daAuts
     D:2: 817 daAuts
     D:3: 72 daAuts
